 Dungeon Crawl Stone Soup version 0.25-a0-513-ge77a69270c (webtiles) character file.

Game seed: 2185727018351727337, levelgen mode: classic

2074 EnegeticOcto the Chopper (level 9, 64/81 HPs)
             Began as a Deep Dwarf Fighter on Feb 16, 2020.
             Was an Initiate of Ru.
             Quit the game on level 7 of the Dungeon.
             The game lasted 00:03:13 (3618 turns).

EnegeticOcto the Chopper (Deep Dwarf Fighter)       Turns: 3618, Time: 00:03:14

Health: 64/81      AC: 10    Str: 23    XL:     9   Next: 6%
Magic:  8/8        EV:  8    Int:  9    God:    Ru [......]
Gold:   223        SH: 10    Dex: 12    Spells: 8/8 levels left

rFire    . . .     SeeInvis .   j - +1 hand axe (vamp)
rCold    . . .     Gourm    .   c - +0 kite shield
rNeg     . . .     Faith    .   k - +0 chain mail
rPois    .         Spirit   .   (no helmet)
rElec    .         Reflect  .   (no cloak)
rCorr    .         Harm     .   (no gloves)
MR       +....                  (no boots)
Stlth    ..........             (no amulet)
HPRegen  0.00/turn              (no ring)
MPRegen  0.11/turn              (no ring)

@: non-regenerating
A: damage resistance, heal wounds, sense surroundings 2, no regeneration
a: Heal Wounds, Sacrifice Arcana, Sacrifice Resistance, Sacrifice Health, Reject
Sacrifices, Renounce Religion


You were on level 7 of the Dungeon.
You worshipped Ru.
Ru was noncommittal.
You were not hungry.

You visited 2 branches of the dungeon, and saw 8 of its levels.

You collected 223 gold pieces.

Inventory:

Hand Weapons
 a - a +0 war axe
 j - a +1 vampiric hand axe (weapon)
Armour
 b - a +0 scale mail
 c - a +0 kite shield (worn)
 k - a +0 chain mail (worn)
Wands
 g - a wand of enslavement (10)
 o - a wand of clouds (4)
 p - a wand of digging (4) {@V2}
Scrolls
 i - a scroll of remove curse {@r6}
 l - a scroll of magic mapping {@r5}
 t - a scroll of teleportation {@r2}
Potions
 d - a potion of might {@q3}
 f - 3 potions of haste {@q4}
 h - 4 potions of lignification {@q7}
 m - 2 potions of curing {@q1}
 n - a potion of brilliance
 r - a potion of cancellation
 x - a potion of heal wounds {unknown}
 z - a potion of mutation {unknown}
Comestibles
 e - 6 rations
 u - 15 chunks of flesh


   Skills:
 * Level 5.1 Fighting
 * Level 7.9 Axes
 + Level 6.2 Armour
 + Level 5.1 Dodging
 + Level 6.1 Shields
 * Level 1.0 Evocations


You had 8 spell levels left.
You didn't know any spells.
Your spell library contained the following spells:

 Spells                   Type           Power        Failure   Level  Hunger
 Sting                    Tmut/Pois      #...         100%        1    ##.....
 Poisonous Vapours        Pois/Air       #.....       100%        2    ###....
 Ignite Poison            Fire/Tmut/Pois #.......     100%        3    ####...
 Mephitic Cloud           Conj/Pois/Air  #.......     100%        3    ####...
 Olgreb's Toxic Radiance  Pois           #.......     100%        4    #####..


Dungeon Overview and Level Annotations

Branches:
Dungeon (7/15)             Temple (1/1) D:6

Altars:
Ashenzari
Cheibriados
Dithmenos
Elyvilon
Fedhas
Gozag
Hepliaklqana
Kikubaaqudgha
Nemelex Xobeh
Okawaru
Qazlal
Ru
Sif Muna
Trog
Uskayaw
Vehumet
Wu Jian
Xom
Yredelemnul
Zin
The Shining One


Innate Abilities, Weirdness & Mutations

You are resistant to damage.
You can heal yourself by infusing magical energy.
You passively map the area around you.
You do not regenerate.


Message History

Your +0 vampiric hand axe glows red for a moment.
You barely miss the ogre. The ogre completely misses you.
You barely miss the ogre. You hit the ogre.
The ogre is lightly wounded.
You block the ogre's attack.
You slash the ogre!
You feel better.
The ogre is moderately wounded.
The ogre closely misses you.
You hit the ogre but do no damage.
The ogre is moderately wounded.
You hit the ogre.
The ogre is heavily wounded.
The ogre hits you with a +0 giant club.
You hit the ogre.
You feel better.
The ogre is heavily wounded.
You block the ogre's attack.
You slash the ogre!
You feel better.
The ogre is almost dead.
You block the ogre's attack.
Your shield prevents you from hitting the ogre.
The ogre is almost dead.
The ogre hits you with a +0 giant club!
You slash the ogre!
You kill the ogre!
Your Evocations skill increases to level 1!
No target in view!
No target in view!
No target in view!
No target in view!
No target in view!
No target in view!
No target in view!
Okay, then.
As you read the scroll labeled QEEMASHOUXT, it crumbles to dust.
The air around you briefly surges with heat, but it dissipates.
It was a scroll of immolation.
As you read the scroll of identify {@r1}, it crumbles to dust.
A - a potion of degeneration
Okay, then.
Drop what? 22/52 slots (_ for help) (? for menu, Esc to quit)
You drop a potion of degeneration.
You butcher the orc corpse.
u - 10 chunks of flesh (gained 4)
Things that are here:
a potion of degeneration; a +0 hand axe; an orc skeleton
Things that are here:
a potion of degeneration; a +0 hand axe; an orc skeleton
Things that are here:
a +0 giant club; an ogre corpse You butcher the ogre corpse.
u - 15 chunks of flesh (gained 5)
Things that are here:
a +0 giant club; an ogre skeleton
Things that are here:
a +0 giant club; an ogre skeleton A hippogriff comes into view.
The hippogriff screeches!
A hippogriff is nearby!
A hippogriff is nearby!
A hippogriff is nearby!
A hippogriff is nearby!
A hippogriff is nearby!
A hippogriff is nearby!
A hippogriff is nearby!
You barely miss the hippogriff. You block the hippogriff's attack. x3
You closely miss the hippogriff.
The hippogriff bites you but does no damage.
The hippogriff pecks you.
The hippogriff claws you but does no damage.
You closely miss the hippogriff. The hippogriff bites you.
The hippogriff barely misses you. The hippogriff closely misses you.
You hit the hippogriff.
You feel better.
The hippogriff is lightly wounded.
The hippogriff barely misses you. You block the hippogriff's attack.
The hippogriff claws you.
Your shield and chain mail prevent you from hitting the hippogriff.
The hippogriff is lightly wounded.
The hippogriff barely misses you. x2; The hippogriff completely misses you.
You hit the hippogriff but do no damage.
The hippogriff is lightly wounded.
You block the hippogriff's attack. The hippogriff pecks you.
The hippogriff claws you but does no damage.
You closely miss the hippogriff.
The hippogriff is lightly wounded.
You block the hippogriff's attack.
The hippogriff pecks you but does no damage.
The hippogriff claws you.
You completely miss the hippogriff.
The hippogriff is lightly wounded.
The hippogriff barely misses you.
The hippogriff pecks you but does no damage.
The hippogriff claws you but does no damage.
You barely miss the hippogriff.
The hippogriff is lightly wounded.
You block the hippogriff's attack. The hippogriff pecks you.
The hippogriff barely misses you.
Ru believes you are ready to make a new sacrifice.
Okay, then.
Are you sure you want to abandon this character and quit the game? (Confirm with "yes".)

> , * * , ,
##.......# , , .
........# , ,
.##.......# *
.........# *
*#.......# ,*
#.......# ,
#...H...# * * *
#.##@##### *
#.##.....#
#.##.###.####
#.#..#..)...##
#....#.......#
#.......(....#
##...#.......# *
##)##..(...##
########!####.#.##


You could see a hippogriff.

Vanquished Creatures
  A water moccasin (D:5)
  2 ice beasts
  A sky beast (D:7)
  A phantom (D:4)
  An orc warrior (D:7)
  3 ogres
  3 centaurs
  2 scorpions
  3 howler monkeys
  A crimson imp (D:5)
  3 hounds
  7 orc wizards
  5 orc priests
  2 iguanas
  Terence (D:2)
  5 worker ants
  A worker ant zombie (D:6)
  3 adders
  An ooze (D:4)
  2 adder skeletons
  An adder zombie (D:7)
  A worm (D:4)
  A dart slug (D:1)
  A leopard gecko (D:3)
  26 orcs
  2 giant cockroaches (D:5)
  5 goblins
  2 hobgoblins (D:2)
  7 jackals
  3 quokkas
  3 ball pythons
  3 bats
  4 frilled lizards
  A kobold (D:2)
  A quokka skeleton (D:4)
  5 rats
114 creatures vanquished.

Notes
Turn   | Place    | Note
-------+----------+-------------------------------------------
     0 | D:1      | EnegeticOcto the Deep Dwarf Fighter began the quest for the
                  | Orb.
     0 | D:1      | Reached XP level 1. HP: 20/20 MP: 1/1
   256 | D:1      | Reached XP level 2. HP: 27/27 MP: 2/2
   423 | D:2      | Reached skill level 1 in Dodging
   521 | D:2      | Reached XP level 3. HP: 28/33 MP: 3/3
   544 | D:2      | Noticed Terence
   560 | D:2      | Killed Terence
   560 | D:2      | Reached skill level 3 in Axes
   666 | D:3      | Reached XP level 4. HP: 35/42 MP: 4/4
   708 | D:3      | Reached XP level 5. HP: 49/49 MP: 5/5
   782 | D:4      | Reached skill level 4 in Axes
   864 | D:4      | Reached XP level 6. HP: 50/56 MP: 5/5
  1166 | D:4      | Reached skill level 5 in Axes
  1279 | D:4      | Reached XP level 7. HP: 57/63 MP: 6/6
  1610 | D:5      | Entered Level 5 of the Dungeon
  1705 | D:5      | Reached skill level 6 in Axes
  1705 | D:5      | Reached skill level 5 in Armour
  1705 | D:5      | Reached skill level 5 in Shields
  1730 | D:5      | Reached XP level 8. HP: 40/73 MP: 7/7
  2011 | D:5      | Reached skill level 7 in Axes
  2354 | D:6      | Found a staircase to the Ecumenical Temple.
  2377 | Temple   | Entered the Ecumenical Temple
  2615 | Temple   | Became a worshipper of Ru the Awakened
  3466 | D:7      | Reached skill level 5 in Fighting
  3523 | D:7      | Reached skill level 5 in Dodging
  3536 | D:7      | Gained mutation: You passively map the area around you.
                  | [Deep Dwarf growth]
  3536 | D:7      | Reached XP level 9. HP: 67/81 MP: 8/8
  3595 | D:7      | Reached skill level 1 in Evocations
  3618 | D:7      | Quit the game

Levels and vault maps discovered:
D:1:      sevenhm_arrival_forest_fort_large_1, layout_basic, minmay_lizard_king
D:2:      layout_loops_ring, uniq_terence
D:3:      layout_loops_ring, chequers_ecumenical_altar_simple_redux,
          first_ration, small_statue_intersection, corexii_leaking_fountain,
          minmay_misc_feat_four_crosses, serial_bayou_pond_d,
          kennysheep_generic_room_2
D:4:      layout_basic
D:5:      layout_loops_cross, minmay_manual_moon
D:6:      layout_gridville, minmay_temple_entry_proselytizer
D:7:      layout_loops_ring
Temple:   nicolae_temple_the_god_donut

Skill      XL: |  1  2  3  4  5  6  7  8  9 |
---------------+----------------------------+-----
Dodging        | 1 2 3 5 |  5.1
Fighting       | 3 4 5 |  5.1
Axes           | 3 4 5 6 7 |  7.9
Armour         | 4 5 6 |  6.2
Shields        | 4 5 6 |  6.1
Evocations     | 1 |  1.0

Action                   |  1- 3 |  4- 6 |  7- 9 || total
-------------------------+-------+-------+-------++-------
Melee: War axe           |    92 |       |       ||    92
       Hand axe          |    19 |   228 |   386 ||   633
 Abil: Heal Wounds       |       |     3 |     8 ||    11
  Use: Scroll            |       |       |    14 ||    14
 Stab: Distracted        |       |       |     1 ||     1
  Eat: Chunk             |       |     2 |     5 ||     7
       Ration            |       |       |     1 ||     1
Armor: Scale mail        |    33 |       |       ||    33
       Chain mail        |    27 |   162 |   178 ||   367
Dodge: Dodged            |    52 |    76 |   114 ||   242
Block: Kite shield       |    68 |   139 |   178 ||   385

Table legend:
 A = Non-vault XP
 B = Vault XP
 C = Vault XP percentage of total XP
 D = Non-vault monster count
 E = Vault monster count
 F = Vault count percentage of total count
                 A         B        C        D         E       F
            +---------+---------+-------+---------+---------+-------
      Total |    2736 |     228 |   7.7 |     107 |       7 |   6.1
            +---------+---------+-------+---------+---------+-------
        D:1 |      22 |       2 |   8.3 |      13 |       2 |  13.3
        D:2 |      19 |      36 |  65.5 |      12 |       1 |   7.7
        D:3 |     168 |       0 |   0.0 |      12 |       0 |   0.0
        D:4 |     566 |       0 |   0.0 |      22 |       0 |   0.0
        D:5 |    1021 |     146 |  12.5 |      28 |       3 |   9.7
        D:6 |     253 |      44 |  14.8 |       6 |       1 |  14.3
        D:7 |     687 |       0 |   0.0 |      14 |       0 |   0.0
            +---------+---------+-------+---------+---------+-------
